 Dungeon Crawl Stone Soup version 0.24-a0-279-ga7546fe674 (webtiles) character file.

Game seed: 7511933635118228882

28 HAL9000 the Sneak (level 3, -1/18 HPs)
             Began as a Vine Stalker Assassin on May 1, 2019.
             Slain by a worm (6 damage)
             ... on level 2 of the Dungeon.
             The game lasted 00:00:56 (856 turns).

HAL9000 the Sneak (Vine Stalker Assassin)            Turns: 856, Time: 00:00:57

Health: -1/18      AC:  3    Str: 14    XL:     3   Next: 14%
Magic:  0/4        EV: 11    Int: 11    God:
Gold:   78         SH:  0    Dex: 15    Spells: 2/2 levels left

rFire    . . .     SeeInvis .   a - +2 dagger
rCold    . . .     Gourm    .   (no shield)
rNeg     . . .     Faith    .   c - +0 robe
rPois    .         Spirit   +   (no helmet)
rElec    .         Reflect  .   d - +0 cloak
rCorr    .         Harm     .   (no gloves)
MR       .....                  (no boots)
Stlth    +++.......             (no amulet)
HPRegen  0.06/turn              (no ring)
MPRegen  0.09/turn              (no ring)

@: no status effects
A: fangs 2, magic shield, antimagic bite, no potion heal 3, rot immunity
a: no special abilities


You were on level 2 of the Dungeon.
You were not hungry.

You visited 1 branch of the dungeon, and saw 2 of its levels.

You collected 78 gold pieces.

Inventory:

Hand Weapons
 a - a +2 dagger (weapon)
 b - a +0 blowgun
Missiles
 e - 7 poisoned needles
 f - 2 curare-tipped needles
Armour
 c - a +0 robe (worn)
 d - a +0 cloak (worn)
Scrolls
 h - 2 scrolls of remove curse {unknown}
 l - a scroll of immolation {unknown}
 o - a scroll of magic mapping {unknown}
Potions
 i - a potion of haste {unknown}
 j - a potion of magic {unknown}
 k - a potion of resistance {unknown}
 m - a potion of lignification {unknown}
Comestibles
 g - 3 rations


   Skills:
 - Level 1.7 Fighting
 + Level 2.1 Short Blades
 - Level 1.7 Throwing
 - Level 0.7 Dodging
 + Level 6.0 Stealth


You had 2 spell levels left.
You didn't know any spells.
Your spell library was empty.

Dungeon Overview and Level Annotations

Branches:
Dungeon (2/15)

Altars:


Innate Abilities, Weirdness & Mutations

You have extremely sharp teeth.
When hurt, damage is shared between your health and your magic reserves.
Your bite disrupts and absorbs the magic of your enemies.
Potions cannot restore your health.
You are immune to rotting.


Message History

The worm is poisoned.
Wield which item (- for none, * to show all)? (? for menu, Esc to quit)
a - a +2 dagger (weapon)
You hit the worm. You bite the worm. You drain its power.
You feel invigorated.
The worm is moderately wounded.
You hit the worm. You bite the worm. You drain its power.
The worm is heavily wounded.
The worm looks more healthy.
The worm bites you.
* * * LOW HITPOINT WARNING * * *
You barely miss the worm.
The worm is heavily wounded.
You hit the worm. You bite the worm. You drain its power.
You feel invigorated.
The worm is severely wounded.
The worm closely misses you.
You barely miss the worm. You bite the worm, but do no damage.
The worm is severely wounded.
You hit the worm but do no damage. You bite the worm, but do no damage.
The worm is severely wounded.
The worm bites you!
You die...

#.........<........
#<..................
#..................#
#..............>...#
#########..........#
##........#
##........##
#..........#
#...@......#
####...w.......
#..............
#..............
#......(.....#.
#####.......##
####..######
#.......##
#...........


You could see a worm.

Vanquished Creatures
  An ooze (D:1)
  A dart slug (D:1)
  A bat (D:1)
  2 giant cockroaches
  3 goblins (D:1)
  4 hobgoblins (D:1)
  5 kobolds
  A frilled lizard (D:1)
  A rat (D:1)
19 creatures vanquished.

Notes
Turn   | Place    | Note
-------+----------+-------------------------------------------
     0 | D:1      | HAL9000 the Vine Stalker Assassin began the quest for the
                  | Orb.
     0 | D:1      | Reached XP level 1. HP: 11/11 MP: 2/2
    41 | D:1      | Reached skill level 5 in Stealth
    98 | D:1      | Reached XP level 2. HP: 15/15 MP: 3/3
   587 | D:1      | Reached XP level 3. HP: 7/18 MP: 2/4
   817 | D:2      | Reached skill level 6 in Stealth
   856 | D:2      | Slain by a worm

Levels and vault maps discovered:
D:1:      wander_arrival_chamber, layout_rooms
D:2:      layout_rooms, nicolae_overflow_crystal_walls

Skill      XL: |  1  2  3 |
---------------+----------+-----
Stealth        | 5 6 |  6.0
Short Blades   | 2 |  2.1
Fighting       | |  1.7
Throwing       | |  1.7
Dodging        | |  0.7

Action                   || total
-------------------------++-------
Melee: Dagger            ||    69
       Bite              ||    19
 Fire: Blowgun           ||     1
 Stab: Sleeping          ||     4
Armor: Robe              ||    22
Dodge: Dodged            ||    33

Table legend:
 A = Non-vault XP
 B = Vault XP
 C = Vault XP percentage of total XP
 D = Non-vault monster count
 E = Vault monster count
 F = Vault count percentage of total count
                 A         B        C        D         E       F
            +---------+---------+-------+---------+---------+-------
      Total |      41 |       0 |   0.0 |      19 |       0 |   0.0
            +---------+---------+-------+---------+---------+-------
        D:1 |      38 |       0 |   0.0 |      17 |       0 |   0.0
        D:2 |       3 |       0 |   0.0 |       2 |       0 |   0.0
            +---------+---------+-------+---------+---------+-------
